 Dungeon Crawl Stone Soup version 0.22.1-5-g62c59d9 (webtiles) character file.

393 systemy the Chopper (level 6, -2/56 HPs)
             Began as a Minotaur Berserker on Jan 13, 2019.
             Was a Priest of Trog.
             Slain by an ogre
             ... wielding a +0 giant spiked club
              (17 damage)
             ... on level 4 of the Dungeon.
             The game lasted 00:04:25 (2737 turns).

systemy the Chopper (Minotaur Berserker)            Turns: 2737, Time: 00:04:26

Health: -2/56      AC:  6    Str: 23    XL:     6   Next: 51%
Magic:  5/5        EV: 12    Int:  4    God:    Trog [***...]
Gold:   204        SH:  2    Dex: 10    Spells: 5/5 levels left

rFire    . . .     SeeInvis .   a - +0 hand axe
rCold    . . .     Gourm    .   (no shield)
rNeg     . . .     Faith    .   k - +0 ring mail
rPois    .         Spirit   .   (helmet restricted)
rElec    .         Reflect  +   (no cloak)
rCorr    .         Harm     .   (no gloves)
MR       .....                  (no boots)
Stlth    ..........             j - +2 amulet of reflection
HPRegen  0.18/turn              (no ring)
MPRegen  0.09/turn              (no ring)

@: berserk cooldown, slowed, very slow
A: retaliatory headbutt, horns 2
a: Berserk, Trog's Hand, Renounce Religion


You were on level 4 of the Dungeon.
You worshipped Trog.
Trog was most pleased with you.
You were not hungry.

You visited 1 branch of the dungeon, and saw 4 of its levels.

You collected 204 gold pieces.

Inventory:

Hand Weapons
 a - a +0 hand axe (weapon)
Armour
 b - a +0 animal skin
 k - a +0 ring mail (worn)
Jewellery
 j - a +2 amulet of reflection (around neck)
 o - an uncursed ring of wizardry {unknown}
 s - an uncursed ring of fire {unknown}
Wands
 m - a wand of disintegration (10)
Scrolls
 d - 2 scrolls of remove curse {unknown}
 g - 5 scrolls of teleportation {unknown}
 i - 4 scrolls of identify {unknown}
 n - a scroll of blinking {unknown}
 p - a scroll of magic mapping {unknown}
 q - a scroll of enchant weapon {unknown}
 r - a scroll of immolation {unknown}
Potions
 e - a potion of resistance {unknown}
 f - a potion of lignification {unknown}
 h - a potion of invisibility {unknown}
 l - a potion of mutation {unknown}
 t - a potion of agility {unknown}
Comestibles
 c - 6 rations


   Skills:
 + Level 5.2 Fighting
 + Level 6.3 Axes
 + Level 4.5 Armour
 + Level 3.3 Dodging


You had 5 spell levels left.
You didn't know any spells.
Your spell library was empty.

Dungeon Overview and Level Annotations

Branches:
Dungeon (4/15)
 Temple: D:4-7

Altars:
Ashenzari
Elyvilon
Gozag
Makhleb
Qazlal
Zin


Innate Abilities, Weirdness & Mutations

You reflexively headbutt those who attack you in melee.
You have a pair of horns on your head.


Message History

You kill the orc!
Trog accepts your kill.
You slash the leopard gecko!
You kill the leopard gecko!
Trog accepts your kill.
You feel a strong urge to attack something.
You are no longer berserk.
You are exhausted.
You feel yourself slow down.
Things that are here:
an enchanted mace; an orc corpse
Things that are here:
a falchion; a scorpion corpse; an orc corpse
Items here: )) [[ † a dagger; a robe; an enchanted dagger; a robe; an orc corpse
Found a stone staircase leading down.
Things that are here:
a dagger; a robe; an orc corpse The ogre hits you with a giant spiked club!
You die...

#...##.##... ...
###.#.....#..##.##
#.........#......#
#.#....##.##.....#
.............#...#.#
.....[....)$.......>
#†).))))..#
#...)O.#### ##.#.#@#
#....#!###
.........<#
#.#.##.#.#.# #.$!
#.#.#... ####
#.#.##.## #.#.# ..
..# #.# ### .!


You could see an ogre.

Vanquished Creatures
  A scorpion (D:4)
  2 orc priests
  4 orc wizards (D:4)
  3 adders
  3 gnolls (D:2)
  4 oozes
  A worm (D:3)
  4 dart slugs
  4 leopard geckos
  9 orcs
  A ball python (D:1)
  6 bats
  6 giant cockroaches
  5 goblins
  9 hobgoblins
  4 jackals (D:1)
  10 kobolds
  3 quokkas
  3 frilled lizards
  4 rats (D:1)
86 creatures vanquished.

Notes
Turn   | Place    | Note
-------+----------+-------------------------------------------
     0 | D:1      | systemy the Minotaur Berserker began the quest for the Orb.
     0 | D:1      | Reached XP level 1. HP: 19/19 MP: 0/0
    12 | D:1      | Reached XP level 2. HP: 10/27 MP: 1/1
    16 | D:1      | Reached skill level 4 in Axes
   371 | D:1      | Reached XP level 3. HP: 33/33 MP: 2/2
   461 | D:1      | Reached ** piety under Trog
   916 | D:2      | Reached XP level 4. HP: 20/41 MP: 3/3
  1337 | D:2      | Reached skill level 5 in Axes
  1348 | D:2      | HP: 2/61 [gnoll/spear (6)]
  1540 | D:2      | Found a burning altar of Makhleb.
  1542 | D:2      | Noticed a balrug
  1887 | D:3      | Reached XP level 5. HP: 30/47 MP: 4/4
  2068 | D:3      | Found a stormy altar of Qazlal.
  2073 | D:3      | Found an opulent altar of Gozag.
  2073 | D:3      | Found a glowing silver altar of Zin.
  2094 | D:3      | Found a white marble altar of Elyvilon.
  2101 | D:3      | Found a shattered altar of Ashenzari.
  2125 | D:3      | Reached *** piety under Trog
  2711 | D:4      | Reached skill level 5 in Fighting
  2718 | D:4      | Reached skill level 6 in Axes
  2718 | D:4      | Reached XP level 6. HP: 32/56 MP: 5/5
  2737 | D:4      | Slain by an ogre

Skill      XL: |  1  2  3  4  5 |
---------------+----------------+-----
Fighting       | 4 5 |  5.2
Axes           | 4 5 6 |  6.3
Armour         | 3 4 |  4.5
Dodging        | 3 |  3.3

Action                   |  1- 3 |  4- 6 || total
-------------------------+-------+-------++-------
Melee: Hand axe          |    73 |   101 ||   174
       Headbutt          |    10 |    23 ||    33
Invok: Berserk           |       |     2 ||     2
       Trog's Hand       |       |     1 ||     1
  Eat: Chunk             |       |     5 ||     5
       Ration            |       |     1 ||     1
Armor: Animal skin       |     4 |       ||     4
       Ring mail         |     8 |    43 ||    51
Dodge: Dodged            |    45 |    61 ||   106
Block: Other             |     2 |     4 ||     6
       Reflection        |       |     1 ||     1
